Cogmind - Beta 16 --- EXPLORER MODE // 2026.01.02 @ 17:59:39 Player: K.K.Y. Result: Destroyed by as-63147 with Assembled Rifle Performance ------------- Evolutions (0) 0 Regions Visited (2) 400 Robots Destroyed (23) 115 Value Destroyed (343) 343 Prototype IDs (6) 120 Alien Tech Used (0) 0 Bonus (0) 0 TOTAL SCORE: 978 Bonus ------- None Cogmind --------- Core Integrity 0/250 Matter 300/300 Energy 87/100 System Corruption 0% Temperature Hot (247) Movement Core (50) Location -10/Mines Parts ------- > --- POWER (1) -------- (None) > --- PROPULSION (2) --- (None) > --- UTILITY (3) ------ Structural Scanner > --- WEAPON (2) ------- (None) > --- INVENTORY (5) ---- Large Storage Unit Huge Storage Unit Improved Terrain Scanner Light Armor Plating Mining Laser Peak State ------------ > --- POWER ------------ Ion Engine > --- PROPULSION ------- Light Treads Light Treads > --- UTILITY ---------- Structural Scanner Targeting Computer Targeting Computer > --- WEAPON ----------- Light Assault Rifle Light Assault Rifle > --- INVENTORY -------- Medium Storage Unit Huge Storage Unit Improved Terrain Scanner Light Armor Plating Mining Laser [Rating: 8] Favorites ----------- Power Ion Engine Engine Ion Engine Propulsion Light Treads Treads Light Treads Utility Targeting Computer Device Structural Scanner Processor Targeting Computer Weapon Light Assault Rifle Energy Cannon Beam Cannon Ballistic Gun Light Assault Rifle Build | -11 -10 -10 ------- Run | Yrd Mat Min Slots Evolved 1 | . 1 . Power . | . . . Propulsion . | . . . Utility 1 | . 1 . Weapon . | . . . Parts Attached 12 | 7 5 . Power 1 | 1 . . Engine 1 | 1 . . Core . | . . . Reactor . | . . . Propulsion 2 | 2 . . Treads 2 | 2 . . Leg . | . . . Wheel . | . . . Hover . | . . . Flight . | . . . Utility 5 | 2 3 . Device 3 | . 3 . Storage . | . . . Processor 2 | 2 . . Hackware . | . . . Protection . | . . . Artifact . | . . . Weapon 4 | 2 2 . Energy Gun . | . . . Energy Cannon 2 | . 2 . Ballistic Gun 2 | 2 . . Ballistic Cannon . | . . . Launcher . | . . . Special Weapon . | . . . Impact Weapon . | . . . Slashing Weapon . | . . . Piercing Weapon . | . . . Special Melee Weapon . | . . . Unidentified Prototypes . | . . . Parts Lost 7 | . . 7 Power 1 | . . 1 Propulsion 2 | . . 2 Utility 2 | . . 2 Weapon 2 | . . 2 Highest Loss Streak 7 | . . 7 To Critical Strikes . | . . . Average Backups 4 | 2 4 5 Power . | . . . Propulsion . | . . . Utility 3 | 1 3 4 Weapon . | . 1 1 Tool/Special . | . . . Unused Backups 7 | 1 1 5 Power . | . . . Propulsion . | . . . Utility 5 | . 1 4 Weapon 2 | 1 . 1 Tool/Special . | . . . Average Slot Usage (%) 94 | . 94 87 Engine 11 | . 12 9 Treads 24 | . 25 20 Device 15 | . 13 34 Processor 16 | . 18 . Energy Cannon 13 | . 12 22 Ballistic Gun 11 | . 12 . Peak Build Rating 8 | 7 8 8 Average Rating 7 | 5 7 6 On Entrance 5 | . 7 8 Avg Prop Armor Cover (%) . | . . . Naked Turns . | . . . Heaviest Build 14 | 7 14 14 Greatest Support 40 | 40 40 40 Greatest Overweight (x) . | . . . Average Overweight (x) . | . . . Largest Inventory Capacity 5 | 5 5 5 Average Capacity 5 | 5 5 5 Most Carried 5 | 4 5 5 Average Carried 4 | 2 4 5 Final Capacity 5 | 5 5 5 Final Carried 5 | 4 5 5 Class Distribution -------------------- 100% | Hacker-Mutant Dominant Class ---------------- Hacker-Mutant | -10/Materials Hacker-Mutant | -10/Mines Resources | -11 -10 -10 ----------- Run | Yrd Mat Min Matter Collected 366 | 257 109 . Remotely . | . . . Salvage Created 716 | 101 549 66 Parts 51 | 8 43 . Haulers Intercepted 2 | . 2 . Recyclers Shooed . | . . . Parts Field Recycled . | . . . Retrieved Matter . | . . . Parts Self-Destructed . | . . . Prevented . | . . . Parts Restored . | . . . Kills | -11 -10 -10 ------- Run | Yrd Mat Min Combat Hostiles Destroyed 16 | . 11 5 Guns 4 | . 4 . Cannons 12 | . 7 5 Classes Destroyed 9 | 2 6 1 Worker 1 | . 1 . Builder 2 | . 2 . Tunneler 3 | 2 1 . Hauler 2 | . 2 . Recycler 1 | 1 . . Watcher 3 | . 3 . Swarmer 6 | . 6 . Grunt 5 | . 5 . Assembled 5 | . . 5 Best Kill Streak 5 | 2 3 5 Combat Bots Only 5 | . 2 5 Max Kills in Single Turn 1 | 1 1 1 Gunslinging . | . . . Exploded . | . . . Melee . | . . . Uniques/NPCs Destroyed . | . . . Combat | -11 -10 -10 -------- Run | Yrd Mat Min Hostile Shots Fired 118 | . 35 83 Missed 27 | . 7 20 Hits 91 | . 28 63 Melee 11 | . . 11 Projectile 80 | . 28 52 Critical Strikes 1 | . . 1 Part Disruptions 1 | . . 1 Damage Taken 875 | . 266 609 Core 253 | . 107 146 Absorbed by Shields . | . . . Ignored by Resistances 501 | . 132 369 Core Remaining (%) 100 | 100 . . Volleys Fired 64 | 3 46 15 Largest 2 | 2 2 2 Hottest 120 | 40 120 120 Shots Fired 123 | 6 91 26 Gun 56 | 6 50 . Cannon 67 | . 41 26 Launcher . | . . . Special . | . . . Kinetic 56 | 6 50 . Thermal 67 | . 41 26 Explosive . | . . . Electromagnetic . | . . . Robot Hit Streak 51 | 6 51 5 Robot Miss Streak 3 | . 3 3 Penetration Max . | . . . Secondary Targets 1 | . 1 . Max Gunslinging Chain 1 | . 1 . Shots Hit Robots 99 | 6 77 16 Core Hits 42 | 4 28 10 Critical Kills 1 | 1 . . Critical Parts Destroyed 1 | . 1 . Critical Strikes 2 | 1 1 . Destroy 2 | 1 1 . Melee Attacks . | . . . Impact . | . . . Slashing . | . . . Piercing . | . . . Sneak Attacks . | . . . Combat Hostiles . | . . . Follow-up Attacks . | . . . Damage Inflicted 1332 | 53 911 368 Guns 419 | 53 366 . Cannons 913 | . 545 368 Explosions . | . . . Melee . | . . . Ramming . | . . . Kinetic 419 | 53 366 . Thermal 913 | . 545 368 Explosive . | . . . Electromagnetic . | . . . Impact . | . . . Slashing . | . . . Piercing . | . . . Highest Corruption . | . . . Average Corruption . | . . . Corruption Purged . | . . . Corruption Blocked . | . . . Overload Shots . | . . . Overflow Damage 22 | . 14 8 Projectiles 22 | . 14 8 Explosions . | . . . Melee . | . . . Knockbacks . | . . . Impact . | . . . Kinetic . | . . . Secondary . | . . . Self-Inflicted Damage . | . . . Shots . | . . . Rammed . | . . . Targets Rammed . | . . . Kicked . | . . . Crushed . | . . . Highest Temperature 562 | . 562 477 Average Temperature 166 | . 150 205 Received Heat Transfer 357 | . 117 240 Effects 10 | . 8 2 Shutdowns 2 | . 2 . Energy Bleed 1 | . 1 . Interference 4 | . 3 1 Damage (major) 1 | . . 1 Damage (core) 2 | . 2 . Siege Activations . | . . . Martial Activations . | . . . Shielding Activations . | . . . Robots Disrupted . | . . . Combat Hostiles . | . . . Robots Corrupted . | . . . Combat Hostiles . | . . . Parts Fried . | . . . Impact Corruptions . | . . . Robots Melted . | . . . Combat Hostiles . | . . . Parts Melted 1 | . 1 . Heat Transferred 1924 | . 1147 777 Parts Sabotaged . | . . . Parts Stolen . | . . . Parts Stripped . | . . . Power Chain Reactions . | . . . Alert | -11 -10 -10 ------- Run | Yrd Mat Min Maximum Alert Level . | . . . Low Security (%) 100 | 100 100 100 Level 1 . | . . . Level 2 . | . . . Level 3 . | . . . Level 4 . | . . . Level 5 . | . . . High Security . | . . . Max Security . | . . . Peak Influence 109 | 10 109 . Initial . | . . . Average 20 | . 25 . Influence Increases 382 | 15 367 . Destroy 0b10 Robot/C 220 | . 220 . Destroy 0b10 Robot/NC 60 | 15 45 . Destroy Leader 60 | . 60 . Successful Hack 23 | . 23 . Disable Machine 4 | . 4 . Partial Spotted 15 | . 15 . Influence Decreases 382 | 15 367 . Time Decay 382 | 15 367 . Squads Dispatched 1 | . 1 . Investigation 1 | . 1 . Extermination . | . . . Reinforcement . | . . . Assault . | . . . Garrison . | . . . Intercept . | . . . Searches Triggered . | . . . Construction Impeded . | . . . Haulers Reinforced . | . . . Active Scanning Responses . | . . . Cargo Convoy Interrupts . | . . . Stealth | -11 -10 -10 --------- Run | Yrd Mat Min Distress Signals 3 | . 3 . Communications Jammed . | . . . Distress Signals . | . . . Times Spotted 35 | . 17 18 Peak Tracking Total 17 | . 3 17 Tactical Retreats 2 | . . 2 Traps | -11 -10 -10 ------- Run | Yrd Mat Min Traps Triggered 1 | . 1 . Indirectly . | . . . Trap Hack Attempts . | . . . Triggered . | . . . Disarmed . | . . . Reprogrammed . | . . . Reused . | . . . Traps Extracted . | . . . Installed . | . . . Triggered . | . . . Machines | -11 -10 -10 ---------- Run | Yrd Mat Min Machines Disabled 1 | . 1 . Max in Single Turn 1 | . 1 . Machines Repaired . | . . . Machines Dismantled . | . . . Machines Sabotaged . | . . . Overloaded Fab Kills . | . . . Hacking | -11 -10 -10 --------- Run | Yrd Mat Min Machines Accessed 8 | . 8 . Terminals 7 | . 7 . Fabricators . | . . . Repair Stations . | . . . Recycling Units 1 | . 1 . Scanalyzers . | . . . Garrison Access . | . . . Total Hacks 36 | . 36 . Successful 28 | . 28 . Failed 8 | . 8 . Catastrophic . | . . . Database Lockouts . | . . . Manual 27 | . 27 . Terminals 33 | . 33 . Fabricators . | . . . Repair Stations . | . . . Recycling Units 3 | . 3 . Scanalyzers . | . . . Garrison Access . | . . . Terminal Hacks 19 | . 19 . Robot Analysis 3 | . 3 . Prototype ID Bank 10 | . 10 . Locate Traps 6 | . 6 . Fabricator Hacks . | . . . Repair Station Hacks . | . . . Recycling Unit Hacks 1 | . 1 . Retrieve Components 1 | . 1 . Scanalyzer . | . . . Garrison Access Hacks . | . . . Unauthorized Hacks 7 | . 7 . Terminals 6 | . 6 . Botnet 6 | . 6 . Fabricators . | . . . Repair Stations . | . . . Recycling Units 1 | . 1 . Reject 1 | . 1 . Scanalyzers . | . . . Garrison Access . | . . . Data Cores Recovered . | . . . Used . | . . . Hacking Detections 7 | . 7 . Full Trace Events 5 | . 5 . Feedback Events . | . . . Feedback Blocked . | . . . Robot Schematics Acquired . | . . . Robots Built . | . . . Authchips . | . . . Time . | . . . Total Robot Build Rating . | . . . Part Schematics Acquired . | . . . Parts Built . | . . . Authchips . | . . . Time . | . . . Total Part Build Rating . | . . . Part Studies Acquired . | . . . Parts Repaired . | . . . Time . | . . . Parts Recycled . | . . . Recycled Matter . | . . . Retrieved Matter . | . . . Retrieved Components . | . . . Parts Scanalyzed . | . . . Part Schematics Acquired . | . . . Parts Damaged . | . . . Bothacking | -11 -10 -10 ------------ Run | Yrd Mat Min Used RIF Installer . | . . . Robots Hacked . | . . . Non-combat . | . . . Combat . | . . . Robot Hacks Applied . | . . . Relay Couplers Released . | . . . Fabnet Peak Effective % . | . . . Robots Rewired . | . . . Allies Hacked . | . . . Hacks Repelled . | . . . Allies | -11 -10 -10 -------- Run | Yrd Mat Min Total Allies 2 | . . 2 Largest Group 2 | . . 2 Highest-Rated Group 42 | . . 42 Highest-Rated Ally 31 | . . 31 Total Orders . | . . . Ally Attacks 8 | . . 8 Total Damage 105 | . . 105 Kills 4 | . . 4 Allies Corrupted . | . . . Allies Melted . | . . . Intel | -11 -10 -10 ------- Run | Yrd Mat Min Active Infowar (turns) 617 | . 538 79 Sensors 406 | . 328 78 Structural 617 | . 538 79 Robot Analysis Total 3 | . 3 . Derelict Logs Recovered . | . . . Drone Launches . | . . . Drone Recoveries . | . . . Exploration | -11 -10 -10 ------------- Run | Yrd Mat Min Turns Passed 1157 | 131 938 88 Spaces Moved 590 | 74 473 43 Core 32 | 12 . 20 Treads 558 | 62 473 23 Legs . | . . . Wheels . | . . . Hover . | . . . Flight . | . . . Fastest Speed 50 | 50 160 50 Average Speed 154 | 142 160 108 Slowest Speed 160 | 160 160 160 Overloaded Moves . | . . . Propulsion Burnouts . | . . . Robots Hopped . | . . . Potential Cave-ins . | . . . Cave-ins Triggered . | . . . Exploration Rate (%) 35 | 4 91 10 Regions Visited 2 Branch Regions 1 Pre-discovered Areas . | . . . Known Exits Taken 2 | 1 1 . Unknown Exits Taken . | . . . Scrap Searched . | . . . Spaces Dug . | . . . Terrain Destroyed . | . . . Melee . | . . . Projectile . | . . . AOE . | . . . Terrain Rammed . | . . . Walls Destroyed . | . . . Machines Disabled . | . . . Actions | -11 -10 -10 --------- Run | Yrd Mat Min Total 727 | 96 573 58 Wait 45 | . 45 . Move 588 | 73 472 43 Hop . | . . . Pick Up 14 | 12 2 . Fast Attach 3 | . 3 . Attach 7 | 7 . . Detach . | . . . Swap 2 | . 2 . Drop 4 | 1 3 . Fire 64 | 3 46 15 Melee . | . . . Ram . | . . . Kick . | . . . Crush . | . . . Escape Stasis . | . . . Rewire . | . . . Trap . | . . . Miscellaneous . | . . . Route ------- -11/Scrapyard -10/Materials (discovered 3 exits: *Mat x2 / *Min) -10/Mines History --------- Turn | Location | Event 15 | -11/Scrapyard | Identified exit to Materials 15 | -11/Scrapyard | Discovered exit to Materials (range 15) 132 | -11/Scrapyard | Entered Materials 132 | -10/Materials | Evolved 1 slot: Utility x1 243 | -10/Materials | Identified exit to Materials 243 | -10/Materials | Discovered exit to Materials (range 13) 304 | -10/Materials | Build established: Hacker-Mutant 447 | -10/Materials | Discovered exit to Materials (range 9) 612 | -10/Materials | Identified exit to Mines 612 | -10/Materials | Discovered exit to Mines (range 12) 1070 | -10/Materials | Entered Mines 1100 | -10/Mines | Assembled infested the area 1105 | -10/Mines | Assisted by a Guerilla fighting off Assembled 1123 | -10/Mines | Core integrity fell below 50% 1147 | -10/Mines | Core integrity fell below 20% 1158 | -10/Mines | Destroyed by as-63147 with Assembled Rifle Last Messages --------------- 01133_ K-01 Serf collects debris. 01134_ as-46526 destroyed. 01135_ Ion Engine destroyed. 01137_ K-01 Serf collects debris. 01137_ Critical hit (Burn: +80). 01138_ Lgt. Treads destroyed. 01140_ K-01 Serf collects debris. 01140_ Heat Sink destroyed. 01140_ Beam Cannon destroyed. 01142_ Destroyed Asb. F-torch. 01142_ as-63202 destroyed. 01143_ K-01 Serf collects debris. 01147_ Overheating: Structural Scanner damaged (-7). 01147_ Beam Cannon destroyed. 01147_ Lgt. Treads destroyed. 01148_ K-01 Serf destroyed. 01148_ Sensor Array destroyed. 01149_ Overheating: System interference. 01149_ Structural Scanner temporarily disabled. Map ----- +----------------------------------------------------+ | ???## %##???????????????????? | | ???## ##???????????????????? | | ???##=%"#???????????????????? | | ???##!%##???????????????????? | | ???##%%##???????????????????? | | ???##!=###??????????????????? | | ??###%=######???????????????? | | ?####**=#####???????????????? | | ?### % ##???????????????? | | ?## ###???????????????? | | ?## ####???????????????? | | ?## ## #####????????????????? | | ?## #############???????????? | | ?## ##############??????????? | | ?## ##?#### ###??????????? | | ?##a##?### ##??????????? | | ?## ##### ###??????????? | | ?## ##### ##?????????????? | | ?##a#### ###?????????????? | | ?## #### ###?????????????? | | ?## ### ###?????????????? | | ?## z ##?????????????? | | ?### ## ##?????????????? | | ?### ### ###?????????????? | | ??## ### ###?????????????? | | ??##@#### ##??????????????? | | ??## #### ##??????????????? | | ??## ### ##??????????????? | | ??## ##? ##??????????????? | | ??## ### ###??????????????? | | ??## #########??????????????? | | ???# ########???????????????? | | ???# #??????????????????????? | | ???# #??????????????????????? | | ???? ???????????????????????? | | ???? ???????????????????????? | | ???? ???????????????????????? | | ????#???????????????????????? | | ????????????????????????????? | | ????????????????????????????? | | ????????????????????????????? | | ????????????????????????????? | | ????????????????????????????? | | ????????????????????????????? | | ????????????????????????????? | | ????????????????????????????? | | ????????????????????????????? | | ????????????????????????????? | | ????????????????????????????? | | ????????????????????????????? | +----------------------------------------------------+ Best States ------------- Heat Dissipation 35 Energy Generation 10 Energy Capacity 250 Matter Stores 300 Matter Capacity 300 Sight Range 16 Robot Scan Range 14 Terrain Scan Density 10 Resistance: KI 35 Resistance: TH 35 Resistance: EX 35 Resistance: EM 35 Resistance: I 35 Resistance: S 35 Resistance: P 35 Evasion (%) 50 Targeting Accuracy 10 Recoil Reduction 2 Offensive Hacking 20 Item Schematics ----------------- None Robot Schematics ------------------ None Fabricated ------------ Nothing Repaired ---------- Nothing Studied --------- None Alien Tech Used ----------------- None Achievements -------------- None Challenges ------------ None Game ------ Seed GravitonTimingTrident Manual? 0 Play Time 00:08:54 Cumulative 243.3 hours Start 2026.01.02 @ 17:52:10 End 2026.01.02 @ 17:59:39 Sessions 1 Manual Loads 0 Difficulty Explorer Special Mode None Game No. 385 Rogue 0 Adventurer 0 Explorer 385 Win Type - Total 0 Types 0/0/0/0/0/0/0/0/0/0 Lore% 71 Gallery% 69 Achievement% 54 Wizard Run 0 Options --------- Layout 1 ASCII 0 Keyboard 0 Movement Mouse Keybinds 0 Fullscreen 1 Font 24/Smallcaps Map View 50x35 Zoom Use 0% Tactical HUD 1 Map Filters NONE Filters NONE Steam 1 RUN: 3fe48134-493c-4523-a526-2f86bb5dfe74